 Dungeon Sprint DCSS version 0.17-a0-1741-gd5e8965 (webtiles) character file.

13400000 ztt the Dwarf of Death (level 27, -6/297 (298) HPs)
             Began as a Deep Dwarf Necromancer on Aug 31, 2015.
             Was the Champion of Makhleb.
             Killed by divine providence
             ... invoked by an observer
              (11 damage)
             ... in the Dungeon (Sprint VIII: "Arena of Blood").
             The game lasted 00:03:17 (134 turns).

ztt the Dwarf of Death (Deep Dwarf Necromancer)      Turns: 134, Time: 00:03:17

HP:   -6/297 (298)  AC:  4    Str: 14    XL:     27
MP:   38/54         EV: 36    Int: 19    God:    Makhleb [******]
Gold: 0             SH:  0    Dex: 21    Spells: 1 memorised, 79 levels left

rFire  . . .     SeeInvis +     k - +∞ Axe of Woe
rCold  . . .     Clarity  .     a - +0 robe
rNeg   + . .     SustAt   .     (no shield)
rPois  .         Gourm    .     (no helmet)
rElec  .         Spirit   .     (no cloak)
rCorr  .         Warding  .     (no gloves)
rMut   .         NoTele   +     (no boots)
MR     ++++.                    (no amulet)
Stlth  +++++++++.               (no ring)
                                l - ring of see invisible

@: lethally poisoned (-6 -> -27), non-regenerating, incredibly resistant to
hostile enchantments, incredibly stealthy
A: damage resistance, recharge devices, negative energy resistance 1, sense
surroundings 3, slow healing 3
a: Device Recharging, Minor Destruction, Lesser Servant of Makhleb, Major
Destruction, Greater Servant of Makhleb, Renounce Religion


You were in the Dungeon.
You worshipped Makhleb.
Makhleb was exalted by your worship.
You were not hungry.

You visited 1 branch

Inventory:

Hand weapons
 k - the +∞ Axe of Woe (weapon)
   (You found it in the Dungeon)
Armour
 a - a +0 robe (worn)
Jewellery
 l - a ring of see invisible (left hand)
Magical devices
 c - a wand of heal wounds (5)
Scrolls
 j - a scroll of blinking
Potions
 e - a potion of curing
 f - a potion of heal wounds
 g - a potion of haste
 h - 2 potions of magic
 i - a potion of berserk rage
Books
 b - a book of Necromancy

   Spells                             Type                      Level
   a - Pain                           Necromancy                   1
   b - Animate Skeleton               Necromancy                   1
   c - Vampiric Draining              Necromancy                   3
   d - Regeneration                   Charms/Necromancy            3
   e - Animate Dead                   Necromancy                   4
   f - Control Undead                 Necromancy                   4
Comestibles
 d - a bread ration


   Skills:
 O Level 27 Fighting
 O Level 27 Axes
 O Level 27 Throwing
 O Level 27 Armour
 O Level 27 Dodging
 O Level 27 Stealth
 O Level 27 Unarmed Combat
 O Level 27 Spellcasting
 O Level 27 Necromancy
 O Level 27 Invocations
 O Level 27 Evocations


You had 79 spell levels left.
You knew the following spells:

 Your Spells              Type           Power        Failure   Level  Hunger
a - Pain                  Necr           ####         0%          1    None


Dungeon Overview and Level Annotations

Branches:
Dungeon (1/1)

Altars:
Makhleb


Innate Abilities, Weirdness & Mutations

You are resistant to damage.
You can recharge devices by infusing magical energy.
You resist negative energy.
You passively map a large area around you.
You do not heal naturally.


Message History

The fireball explodes!
The fireball engulfs you!
* * * LOW HITPOINT WARNING * * *
You hear a shout!
The observer turns its gaze towards you.
A fleshlord comes into view. It is wielding a +9 great mace.
The fleshlord shouts!
A bag of meat comes into view. It is wielding a +9 war axe.
Things that are here:
a +9 great mace; a +400 ring of slaying Unknown command.
An orc and an ogre come into view.
* * * LOW HITPOINT WARNING * * *
You feel very sick.
You hear a shout! x2
The fleshlord casts a spell.
The fleshlord seems to speed up.
The observer pulsates ominously.
The observer gazes at you. Something smites you!
You die...

, , #.......§_.......
., , ,,,
,.o........###........
, .O...###)p.....###...
, ,
,oo%....#.)).)..#.....
, ,
.....p.#)))))).#..... ,
....D..).).)))....... ,
*.#...G.....%.))....#.,
* , ,,
#.........%%...%..#.. *
, #.....@....).G.##...
, ,,
#.....#%)).....#..... ,
,,
.........)))...#...##
,,
,,....%##.#............
, ,,
*,..........%..........
,,.####....#))...####..
, ......)))))....#. , ,
* .......))))....... *
##.....)).)......#


You could see an eight-headed meat hydra, 2 observers, 2 fleshlords, a meat
berserker (berserk) and 3 bags of meat.

Vanquished Creatures
  A hell knight (D)
  12 hell beasts (D)
  Edmund (D)
  2 greater mummies (D)
  4 great orbs of eyes (D)
  A wraith (D)
  9 vampire knights (D)
  28 ogres (D)
  8 liches (D)
  37 orcs (D)
  4 phantoms (D)
  5 hill giants (D)
  6 skeletal warriors (D)
  5 sea snakes (D)
  5 large abominations (D)
  6 small abominations (D)
  7 crawling corpses (D)
141 creatures vanquished.

Vanquished Creatures (others)
  6 crawling corpses (D)
6 creatures vanquished.

Grand Total: 147 creatures vanquished

Notes
Turn   | Place    | Note
--------------------------------------------------------------
     0 | D        | ztt the Deep Dwarf Necromancer began the quest for the Orb.
     0 | D        | Reached XP level 1. HP: 15/15 MP: 3/3
     3 | D        | Noticed a bag of meat
     4 | D        | Became a worshipper of Makhleb the Destroyer
     5 | D        | Noticed a meat berserker
     5 | D        | Noticed a meat berserker
     7 | D        | Noticed a bag of meat
     7 | D        | Killed a meat berserker
     7 | D        | Reached skill level 12 in Dodging
     7 | D        | Reached skill level 10 in Spellcasting
     7 | D        | Reached skill level 27 in Necromancy
     7 | D        | Reached XP level 2. HP: 20/28 MP: 3/13
     7 | D        | Reached XP level 3. HP: 24/34 MP: 3/15
     7 | D        | Reached XP level 4. HP: 30/43 MP: 3/16
     7 | D        | Reached XP level 5. HP: 34/49 MP: 3/18
     7 | D        | Reached XP level 6. HP: 38/56 MP: 3/19
     7 | D        | Reached XP level 7. HP: 42/62 MP: 3/21
     7 | D        | Reached XP level 8. HP: 47/70 MP: 3/22
     7 | D        | Gained mutation: You passively map the area around you. [Deep Dwarf growth]
     7 | D        | Reached XP level 9. HP: 51/76 MP: 3/23
     7 | D        | Reached XP level 10. HP: 56/84 MP: 3/24
     7 | D        | Reached XP level 11. HP: 60/90 MP: 3/25
     7 | D        | Reached XP level 12. HP: 65/98 MP: 3/26
     7 | D        | Reached XP level 13. HP: 68/104 MP: 3/27
     8 | D        | Noticed a bag of meat
     8 | D        | Killed a meat berserker
     8 | D        | Acquired Makhleb's first power
     8 | D        | Reached skill level 5 in Fighting
     8 | D        | Gained mutation: You resist negative energy. [Deep Dwarf growth]
     8 | D        | Reached XP level 14. HP: 72/117 MP: 3/32
     9 | D        | Noticed a meat berserker
    11 | D        | Killed a bag of meat
    11 | D        | Reached skill level 10 in Axes
    11 | D        | Killed a bag of meat
    11 | D        | Acquired Makhleb's second power
    11 | D        | Reached XP level 15. HP: 124/128 MP: 4/36
    11 | D        | Noticed a bag of meat
    12 | D        | Killed a bag of meat
    13 | D        | Noticed a bag of meat
    13 | D        | Noticed a bag of meat
    13 | D        | Killed a meat berserker
    13 | D        | Acquired Makhleb's third power
    13 | D        | Reached skill level 10 in Fighting
    13 | D        | Reached skill level 15 in Axes
    13 | D        | Reached XP level 16. HP: 139/148 MP: 5/39
    14 | D        | Noticed a bag of meat
    14 | D        | Killed a bag of meat
    14 | D        | Killed a bag of meat
    15 | D        | Noticed a meat berserker
    16 | D        | Noticed a meat berserker
    16 | D        | Noticed a bag of meat
    16 | D        | Noticed a bag of meat
    17 | D        | Noticed a bag of meat
    17 | D        | Noticed a bag of meat
    17 | D        | Noticed a meat berserker
    18 | D        | Noticed a bag of meat
    18 | D        | Noticed a large bag of meat
    18 | D        | Noticed a destroyer
    18 | D        | Noticed a meat berserker
    18 | D        | Noticed a meat berserker
    19 | D        | Noticed a bag of meat
    19 | D        | Killed a bag of meat
    19 | D        | Acquired Makhleb's fourth power
    19 | D        | Reached XP level 17. HP: 160/164 MP: 6/42
    19 | D        | Killed a bag of meat
    20 | D        | Killed a meat berserker
    20 | D        | Acquired Makhleb's fifth power
    20 | D        | Reached skill level 27 in Dodging
    20 | D        | Reached skill level 27 in Stealth
    20 | D        | Killed a meat berserker
    20 | D        | Gained mutation: You passively map a large area around you. [Deep Dwarf growth]
    20 | D        | Reached XP level 18. HP: 181/189 MP: 7/46
    21 | D        | Noticed a bag of meat
    21 | D        | Killed a bag of meat
    21 | D        | Killed a bag of meat
    21 | D        | Reached skill level 27 in Axes
    21 | D        | Noticed a bag of meat
    22 | D        | Killed a bag of meat
    22 | D        | Reached skill level 27 in Spellcasting
    22 | D        | Reached XP level 19. HP: 201/208 MP: 7/50
    23 | D        | Noticed a meat berserker
    23 | D        | Killed a meat berserker
    23 | D        | Killed a meat berserker
    23 | D        | Reached skill level 27 in Fighting
    24 | D        | Noticed a bag of meat
    24 | D        | Noticed a destroyer
    24 | D        | Killed a meat berserker
    24 | D        | Reached skill level 10 in Armour
    24 | D        | Reached XP level 20. HP: 233/236 MP: 7/51
    24 | D        | Killed a destroyer
    24 | D        | Reached skill level 15 in Armour
    24 | D        | Killed a bag of meat
    25 | D        | Killed a destroyer
    25 | D        | Reached XP level 21. HP: 244/244 MP: 8/52
    26 | D        | Noticed a bag of meat
    26 | D        | Noticed a large bag of meat
    27 | D        | Killed a large bag of meat
    27 | D        | Killed a bag of meat
    27 | D        | Killed a bag of meat
    28 | D        | Noticed a bag of meat
    28 | D        | Noticed a large bag of meat
    28 | D        | Killed a meat berserker
    29 | D        | Noticed a large bag of meat
    29 | D        | Killed a bag of meat
    29 | D        | Reached skill level 27 in Invocations
    29 | D        | Reached skill level 27 in Evocations
    29 | D        | Reached XP level 22. HP: 254/254 MP: 9/53
    29 | D        | Killed a large bag of meat
    30 | D        | Noticed a meat berserker
    30 | D        | Noticed a destroyer
    30 | D        | Noticed a sculptor of flesh
    31 | D        | Noticed a destroyer
    31 | D        | Noticed a meat berserker
    31 | D        | Killed a bag of meat
    31 | D        | Killed a bag of meat
    32 | D        | Noticed a bag of meat
    32 | D        | Noticed a bag of meat
    33 | D        | Noticed a meat berserker
    34 | D        | Noticed a destroyer
    34 | D        | Killed a meat berserker
    34 | D        | Reached skill level 27 in Armour
    35 | D        | Noticed a bag of meat
    35 | D        | Noticed a destroyer
    35 | D        | Noticed a destroyer
    36 | D        | Noticed a bag of meat
    36 | D        | Killed a large bag of meat
    36 | D        | Killed a bag of meat
    36 | D        | Reached skill level 27 in Throwing
    36 | D        | Reached skill level 27 in Unarmed Combat
    36 | D        | Reached XP level 23. HP: 262/262 MP: 11/54
    37 | D        | Noticed a bag of meat
    37 | D        | Killed a large bag of meat
    37 | D        | Killed a meat berserker
    38 | D        | Noticed a bag of meat
    38 | D        | Noticed a bag of meat
    38 | D        | Killed a destroyer
    38 | D        | Killed a sculptor of flesh
    39 | D        | Killed a bag of meat
    39 | D        | Killed a bag of meat
    39 | D        | Killed a destroyer
    39 | D        | Reached XP level 24. HP: 272/272 MP: 11/54
    40 | D        | Noticed a bag of meat
    40 | D        | Noticed a bag of meat
    40 | D        | Killed a meat berserker
    40 | D        | Killed a bag of meat
    41 | D        | Killed a bag of meat
    41 | D        | Killed a destroyer
    42 | D        | Noticed a sculptor of flesh
    42 | D        | Killed a bag of meat
    42 | D        | Reached XP level 25. HP: 270/280 MP: 12/54
    43 | D        | Killed a sculptor of flesh
    45 | D        | Killed a destroyer
    45 | D        | Killed a destroyer
    45 | D        | Killed a bag of meat
    45 | D        | Killed a bag of meat
    46 | D        | Noticed an accursed
    47 | D        | Noticed a tyrant
    48 | D        | Noticed a sculptor of flesh
    49 | D        | Killed a bag of meat
    49 | D        | Reached XP level 26. HP: 262/290 MP: 14/54
    51 | D        | Noticed a tyrant
    53 | D        | Noticed a tyrant
    53 | D        | Killed a bag of meat
    53 | D        | Killed a tyrant
    54 | D        | Noticed a meat berserker
    55 | D        | Noticed an accursed
    55 | D        | Noticed a destroyer
    58 | D        | Killed a meat berserker
    59 | D        | Noticed a meat beast
    59 | D        | Killed a bag of meat
    59 | D        | Killed a tyrant
    62 | D        | Noticed a meat berserker
    62 | D        | Killed an accursed
    62 | D        | Reached XP level 27. HP: 297/297 MP: 18/54
    63 | D        | Killed a meat beast
    64 | D        | Noticed a meat berserker
    64 | D        | Killed a destroyer
    65 | D        | Noticed a meat berserker
    67 | D        | Noticed a meat beast
    67 | D        | Noticed a meat beast
    67 | D        | Killed a meat berserker
    68 | D        | Noticed a sculptor of flesh
    70 | D        | Killed a meat berserker
    70 | D        | Killed a meat berserker
    71 | D        | Noticed a large bag of meat
    71 | D        | Noticed a meat berserker
    71 | D        | Noticed a meat beast
    72 | D        | Killed a sculptor of flesh
    73 | D        | Killed a meat beast
    74 | D        | Noticed a meat berserker
    74 | D        | Killed a meat beast
    75 | D        | Noticed a meat beast
    75 | D        | Killed a tyrant
    76 | D        | Killed a meat beast
    76 | D        | Killed a meat berserker
    77 | D        | Noticed a meat beast
    77 | D        | Noticed a wretched soul
    78 | D        | Killed a meat beast
    78 | D        | Killed a meat beast
    78 | D        | Killed a sculptor of flesh
    79 | D        | Noticed a meat berserker
    79 | D        | Killed a meat berserker
    81 | D        | Killed a large bag of meat
    82 | D        | Noticed a meat berserker
    82 | D        | Noticed a meat berserker
    82 | D        | Noticed a bag of meat
    83 | D        | Noticed a bag of meat
    83 | D        | Noticed a meat berserker
    83 | D        | Noticed a tyrant
    83 | D        | Noticed a meat beast
    84 | D        | Noticed a meat beast
    84 | D        | Noticed a meat beast
    84 | D        | Killed a meat berserker
    86 | D        | Noticed a bag of meat
    86 | D        | Noticed a tyrant
    86 | D        | Noticed a wretched soul
    86 | D        | Killed a meat berserker
    86 | D        | Killed a meat beast
    87 | D        | Noticed a sculptor of flesh
    87 | D        | Killed a meat berserker
    87 | D        | Killed a meat beast
    89 | D        | Noticed an accursed
    89 | D        | Killed a meat beast
    89 | D        | Killed a meat berserker
    90 | D        | Noticed a meat berserker
    91 | D        | Killed a tyrant
    91 | D        | Killed a wretched soul
    91 | D        | Killed a wretched soul
    93 | D        | Noticed an observer
    93 | D        | Killed a bag of meat
    93 | D        | Killed a tyrant
    93 | D        | Noticed a bag of meat
    94 | D        | Killed a bag of meat
    95 | D        | Noticed a meat berserker
    95 | D        | Noticed a bag of meat
    95 | D        | Killed a bag of meat
    95 | D        | Killed a meat berserker
    96 | D        | Killed an accursed
    97 | D        | Noticed a meat beast
    98 | D        | Noticed an observer
    98 | D        | Noticed an observer
    98 | D        | Killed an observer
    98 | D        | Killed a sculptor of flesh
    99 | D        | Noticed a tyrant
    99 | D        | Noticed a wretched soul
    99 | D        | Noticed a bag of meat
   100 | D        | Noticed an observer
   100 | D        | Killed an observer
   101 | D        | Killed a meat beast
   101 | D        | Killed a meat berserker
   101 | D        | Killed a bag of meat
   102 | D        | Noticed a meat berserker
   103 | D        | Noticed a meat beast
   103 | D        | Killed an observer
   103 | D        | Killed a bag of meat
   104 | D        | Noticed a wretched soul
   105 | D        | Noticed a meat berserker
   105 | D        | Noticed a meat berserker
   105 | D        | Killed a wretched soul
   105 | D        | Killed a tyrant
   106 | D        | Killed a meat berserker
   107 | D        | Killed a meat beast
   108 | D        | Noticed a meat beast
   108 | D        | Killed a bag of meat
   109 | D        | Noticed a tyrant
   109 | D        | Noticed a tyrant
   110 | D        | Killed a meat berserker
   110 | D        | Killed an observer
   111 | D        | Killed a wretched soul
   111 | D        | Killed a meat berserker
   112 | D        | Noticed a bag of meat
   112 | D        | Noticed The Defiler
   112 | D        | Killed a meat beast
   113 | D        | Noticed a dread
   116 | D        | Noticed a meat berserker
   117 | D        | Noticed a bag of meat
   117 | D        | Noticed a sculptor of flesh
   118 | D        | Killed a tyrant
   118 | D        | Killed The Defiler
   118 | D        | Killed a dread
   118 | D        | Killed a tyrant
   120 | D        | Noticed a bag of meat
   120 | D        | Killed a bag of meat
   120 | D        | Killed a meat berserker
   122 | D        | Noticed a bag of meat
   122 | D        | Noticed a fleshlord
   122 | D        | Killed a bag of meat
   124 | D        | Noticed a destroyer
   124 | D        | Killed a sculptor of flesh
   125 | D        | Killed a bag of meat
   128 | D        | Killed a fleshlord
   129 | D        | Noticed an observer
   130 | D        | Killed a bag of meat
   130 | D        | Killed a destroyer
   131 | D        | Noticed a bag of meat
   131 | D        | Noticed a fleshlord
   133 | D        | HP: 8/297 [observer/fireball (76)]
   133 | D        | Noticed an observer
   133 | D        | Noticed a fleshlord
   134 | D        | Noticed a bag of meat
   134 | D        | Noticed a bag of meat
   134 | D        | Noticed a meat berserker
   134 | D        | Killed from afar by an observer

Vault maps used:
D:        meatsprint

Action                   |  1- 3 |  4- 6 |  7- 9 | 10-12 | 13-15 | 16-18 | 19-21 | 22-24 | 25-27 || total
-------------------------+-------+-------+-------+-------+-------+-------+-------+-------+-------++-------
Melee: Executioner's axe |     1 |       |       |       |     4 |     5 |     6 |     9 |    56 ||    81
